Map: Blackpink LE

Players

Zest

  • Race: Protoss Protoss
  • League: Master
  • Spawn Location: 1:00

Solar - Winner!

  • Race: Zerg Zerg
  • Spawn Location: 7:00

Event: HomeStory Cup XVI

VOD

Have the link to the VOD?

Description

Time

  • Played on: Nov. 11, 2017, 2:57 p.m.
  • Length: 19:25

All games in this series

Show
View Real Time Build Order
Export as new Build Order

Zest Protoss 

Build Orders: 1 Gate Expand, Oracle Opening, Phoenix Opening, Carriers, Zealot Archon, Archon Drop 

Get SALT Encoding   

  12  0:02  Probe (Chrono Boost)  
  14  0:14  Probe (Chrono Boost)  
  14  0:17  Pylon  
  14  0:25  Probe (Chrono Boost)  
  15  0:31  Probe (Chrono Boost)  
  15  0:41  Probe (Chrono Boost)  
  17  0:44  Gateway  
  17  0:52  Assimilator  
  17  0:53  Probe (Chrono Boost)  
  19  1:05  Probe (Chrono Boost)  
  19  1:17  Probe (Chrono Boost)  
  20  1:25  Nexus  
  20  1:35  Cybernetics Core  
  21  1:40  Probe (Chrono Boost)  
  21  1:45  Assimilator  
  21  1:52  Probe (Chrono Boost)  
  22  1:54  Pylon  
  22  2:03  Adept  
  22  2:04  Probe (Chrono Boost)  
  26  2:17  Probe (Chrono Boost), Stargate  
  26  2:20  Adept  
  26  2:26  Warp Gate  
  26  2:29  Probe (Chrono Boost)  
  29  2:39  Probe (Chrono Boost)  
  29  2:41  Probe (Chrono Boost)  
  31  2:50  Oracle, Adept  
  34  2:51  Probe (Chrono Boost)  
  34  2:53  Probe (Chrono Boost)  
  35  3:03  Probe (Chrono Boost)  
  35  3:05  Probe (Chrono Boost)  
  40  3:08  Pylon  
  40  3:16  Probe (Chrono Boost)  
  40  3:18  Phoenix, Probe (Chrono Boost)  
  45  3:28  Probe (Chrono Boost)  
  46  3:34  Probe (Chrono Boost)  
  46  3:36  Gateway  
  46  3:40  Probe (Chrono Boost)  
  47  3:42  Gateway  
  47  3:46  Probe (Chrono Boost)  
  47  3:48  Probe (Chrono Boost)  
  48  3:54  Assimilator, Probe (Chrono Boost)  
  49  3:56  Assimilator  
  49  3:58  Probe (Chrono Boost)  
  51  4:05  Robotics Facility  
  51  4:08  Probe (Chrono Boost)  
  51  4:09  Twilight Council  
  52  4:13  Gateway  
  52  4:14  Probe (Chrono Boost)  
  52  4:19  Probe (Chrono Boost)  
  54  4:35  Nexus  
  54  4:40  Pylon  
  54  4:47  Warp Prism, Templar Archives  
  54  4:51  Pylon  
  56  5:05  Probe x2 (Chrono Boost)  
  58  5:15  Observer  
  58  5:17  Probe x2 (Chrono Boost)  
  58  5:19  Pylon  
  63  5:29  Forge, Probe x2 (Chrono Boost), Pylon  
  63  5:35  High Templar x3  
  65  5:37  High Templar  
  65  5:38  Warp Prism  
  65  5:40  Archon  
  65  5:41  Archon  
  75  5:44  Probe x2 (Chrono Boost)  
  75  5:49  Gateway  
  76  5:50  Gateway, Probe (Chrono Boost)  
  76  5:53  Assimilator  
  76  5:56  Assimilator, Probe x2 (Chrono Boost)  
  78  6:02  Probe (Chrono Boost)  
  79  6:08  Probe x2 (Chrono Boost)  
  79  6:11  Protoss Ground Weapons Level 1, Psionic Storm  
  81  6:14  Probe (Chrono Boost)  
  82  6:20  Probe x2 (Chrono Boost)  
  85  6:26  Probe (Chrono Boost)  
  85  6:32  Charge, Probe (Chrono Boost)  
  87  6:33  Probe (Chrono Boost)  
  87  6:36  Gateway  
  87  6:37  Gateway  
  87  6:38  Probe (Chrono Boost)  
  88  6:41  Shield Battery  
  88  6:42  High Templar x2, Shield Battery  
  88  6:43  Observer  
  88  6:45  Probe x2 (Chrono Boost)  
  94  6:47  Pylon  
  94  6:48  High Templar, Zealot  
  94  6:49  Zealot  
  94  6:51  Probe (Chrono Boost)  
  101  6:56  Pylon  
  101  7:06  Probe x3 (Chrono Boost)  
  104  7:10  Photon Cannon  
  104  7:12  Pylon  
  104  7:13  High Templar  
  104  7:14  Observer  
  106  7:22  Zealot x5  
  116  7:24  Pylon  
  116  7:26  Nexus  
  116  7:29  Pylon  
  116  7:33  Protoss Ground Weapons Level 2  
  116  7:43  Gateway  
  116  7:45  High Templar x4, Gateway  
  116  7:46  Zealot x3  
  116  7:48  Zealot, Gateway x2  
  132  7:51  Archon  
  132  7:52  Archon  
  132  7:57  Immortal  
  132  8:09  Observer  
  135  8:20  Probe x3 (Chrono Boost)  
  135  8:22  Immortal  
  135  8:23  Photon Cannon  
  135  8:25  Photon Cannon  
  121  8:28  Photon Cannon  
  121  8:30  Photon Cannon  
  121  8:31  Shield Battery  
  121  8:34  Shield Battery  
  121  8:39  Assimilator  
  125  8:43  Zealot, Assimilator  
  124  8:50  Zealot x8  
  140  9:01  Zealot x2  
  144  9:06  Zealot x2  
  142  9:20  Stargate  
  142  9:21  Fleet Beacon  
  142  9:22  Stargate  
  131  9:25  Oracle, Probe (Chrono Boost)  
  131  9:26  Probe x2 (Chrono Boost)  
  127  9:46  Pylon  
  127  9:47  Photon Cannon  
  127  9:48  High Templar x4  
  127  9:52  Protoss Ground Weapons Level 3  
  135  9:54  Zealot x4  
  135  9:57  Archon x2  
  141  10:00  Observer  
  141  10:03  Pylon  
  141  10:04  Mothership (Chrono Boost)  
  141  10:05  Pylon  
  141  10:06  Pylon  
  142  10:08  Pylon  
  138  10:17  Tempest  
  138  10:20  Tempest x2  
  164  10:44  Observer  
  151  11:13  Tempest x2  
  151  11:14  Tempest, Zealot x3  
  151  11:15  Zealot x4  
  151  11:16  Nexus  
  151  11:17  Pylon  
  151  11:18  High Templar x4  
  187  11:21  Pylon  
  191  11:27  Pylon  
  191  11:29  Protoss Air Weapons Level 1  
  191  11:31  Photon Cannon, Graviton Catapult  
  191  11:33  Photon Cannon  
  185  11:55  Carrier  
  185  11:56  Carrier  
  163  12:02  Carrier  
  163  12:03  Zealot x2  
  185  12:16  Photon Cannon  
  185  12:18  Photon Cannon  
  185  12:19  Protoss Shields Level 1  
  185  12:20  Photon Cannon  
  185  12:22  Photon Cannon  
  185  12:25  Shield Battery  
  185  12:35  Zealot x7  
  199  12:39  Zealot  
  199  12:42  Zealot  
  199  12:43  Zealot  
  181  12:58  High Templar x2, Photon Cannon  
  185  13:00  Assimilator  
  185  13:01  Assimilator  
  185  13:10  Photon Cannon  
  185  13:14  Photon Cannon  
  185  13:16  Photon Cannon  
  185  13:20  Shield Battery  
  185  13:22  Pylon  
  185  13:25  Observer  
  186  13:27  Carrier  
  186  13:34  Protoss Air Weapons Level 2  
  192  13:45  Zealot x2  
  192  13:46  Zealot x2  
  194  13:56  Cybernetics Core  
  194  14:01  Carrier  
  200  14:29  Nexus  
  200  14:35  Archon  
  200  14:49  Protoss Air Armor Level 1  
  200  14:50  Blink  
  200  14:58  Protoss Shields Level 2  
  200  15:38  Oracle  
  200  15:48  Pylon  
  187  16:02  Void Ray x2  
  138  16:13  Void Ray  
  134  16:23  Stalker x12  
  146  16:29  Mothership (Chrono Boost)  
  152  16:35  Void Ray  
  152  16:45  Void Ray  
  160  16:56  High Templar x2  
  160  16:57  High Templar x10  
  174  17:05  Assimilator, Probe x3 (Chrono Boost)  
  174  17:06  Assimilator  
  174  17:08  Carrier, Void Ray  
  173  17:30  Zealot x5  
  173  17:31  Zealot x6  
  173  17:36  Void Ray  
  176  17:43  High Templar  
  146  17:50  Stargate  
  150  17:52  Stargate  
  150  17:53  High Templar  
  150  17:54  High Templar x2  
  150  17:55  Zealot x5  
  150  17:56  Zealot x3, Stargate  
  150  17:57  Stargate  
  172  18:03  Archon x2  
  172  18:11  Archon  
  166  18:13  Archon  
  155  18:20  Zealot x6  
  159  18:35  Void Ray  
  158  18:50  Stalker x10  
  158  18:51  Stalker  
Show
View Real Time Build Order
Export as new Build Order

Solar Zerg - Winner!

Build Orders: Hatch First, Brood Lord Corruptor 

Get SALT Encoding   

  12  0:01  Drone  
  13  0:12  Overlord  
  13  0:17  Drone  
  14  0:31  Drone x2  
  14  0:34  Drone  
  17  0:51  Hatchery  
  17  0:54  Drone  
  17  0:56  Drone  
  18  1:03  Extractor  
  17  1:12  Spawning Pool  
  17  1:16  Drone  
  17  1:20  Drone  
  18  1:28  Drone  
  19  1:38  Drone  
  20  1:49  Overlord  
  20  1:59  Queen  
  22  2:02  Queen  
  22  2:03  Zergling x2  
  22  2:04  Metabolic Boost  
  25  2:09  Drone  
  25  2:13  Drone  
  28  2:15  Drone  
  28  2:26  Drone  
  28  2:28  Drone  
  30  2:41  Hatchery  
  30  2:42  Zergling x2  
  30  2:45  Drone  
  30  2:50  Pneumatized Carapace  
  31  2:52  Zergling x2  
  31  2:56  Overlord  
  32  2:59  Zergling x2  
  32  3:01  Drone  
  32  3:04  Zergling x2  
  35  3:07  Drone  
  36  3:15  Drone x2  
  36  3:17  Drone x2  
  36  3:19  Drone  
  40  3:20  Drone  
  40  3:21  Drone  
  40  3:26  Queen  
  42  3:32  Spore Crawler  
  43  3:36  Spore Crawler  
  43  3:38  Overlord  
  42  3:44  Drone x2  
  42  3:45  Overlord  
  44  3:52  Overlord  
  44  3:54  Drone  
  44  3:55  Drone x2  
  47  3:56  Drone  
  47  4:01  Overlord  
  47  4:03  Drone  
  47  4:04  Drone  
  47  4:07  Queen  
  51  4:16  Drone x5  
  56  4:20  Lair  
  55  4:25  Drone  
  55  4:26  Drone x2  
  55  4:28  Zergling x4  
  55  4:31  Drone  
  61  4:33  Drone  
  61  4:35  Extractor  
  61  4:36  Extractor  
  61  4:37  Drone x2  
  62  4:39  Evolution Chamber  
  62  4:41  Spore Crawler  
  62  4:42  Drone  
  61  4:46  Overlord  
  61  4:47  Drone x2  
  61  4:52  Drone  
  64  4:54  Drone  
  64  4:56  Drone  
  65  5:01  Overlord x2  
  65  5:03  Drone  
  65  5:04  Extractor  
  65  5:08  Drone  
  65  5:10  Drone  
  65  5:11  Extractor, Drone x3  
  65  5:13  Zergling x2  
  70  5:14  Overlord  
  70  5:19  Zergling x2  
  70  5:20  Zergling x8  
  75  5:23  Hydralisk Den  
  75  5:24  Spine Crawler  
  75  5:27  Zergling x4  
  75  5:28  Drone  
  75  5:30  Overlord  
  76  5:37  Overlord  
  76  5:39  Drone x3  
  76  5:40  Overlord  
  79  5:53  Muscular Augments, Hydralisk x4  
  87  5:58  Hydralisk x3  
  87  6:00  Hydralisk  
  96  6:05  Hydralisk x2  
  96  6:09  Hydralisk x2  
  103  6:12  Hydralisk  
  103  6:15  Overlord  
  103  6:25  Overlord  
  103  6:27  Hydralisk x2  
  107  6:34  Drone x2  
  107  6:35  Zerg Missile Weapons Level 1, Drone x3  
  113  6:40  Drone  
  113  6:42  Overseer  
  113  6:44  Overseer  
  113  6:45  Infestation Pit, Drone x3  
  115  6:48  Drone  
  115  6:49  Hatchery  
  115  6:50  Extractor  
  114  6:54  Overlord  
  114  6:58  Drone x2  
  114  6:59  Drone  
  117  7:02  Baneling Nest, Zergling x2  
  117  7:03  Zergling x8  
  121  7:09  Overlord  
  121  7:10  Drone x2  
  121  7:11  Drone  
  124  7:18  Spire  
  124  7:21  Hive  
  124  7:22  Drone x5  
  128  7:26  Drone x2  
  128  7:27  Overlord  
  130  7:32  Overlord  
  130  7:36  Overlord  
  130  7:43  Overlord x2  
  130  7:44  Drone x3  
  130  7:47  Centrifical Hooks  
  130  7:48  Drone  
  130  7:49  Evolution Chamber  
  133  7:53  Extractor  
  131  8:01  Queen  
  131  8:02  Drone  
  131  8:03  Zergling x14  
  141  8:09  Zergling x4  
  141  8:11  Baneling x5  
  142  8:15  Baneling x4  
  141  8:20  Extractor  
  141  8:21  Zerg Melee Weapons Level 1  
  141  8:23  Zergling x24  
  146  8:32  Zerg Missile Weapons Level 2  
  146  8:35  Greater Spire, Adrenal Glands  
  146  8:39  Corruptor  
  146  8:40  Corruptor x3  
  154  8:42  Corruptor  
  154  8:46  Corruptor  
  156  8:50  Baneling x3  
  156  8:51  Baneling  
  156  8:54  Drone  
  156  8:55  Overlord  
  157  8:58  Baneling x5  
  157  8:59  Baneling  
  157  9:00  Zergling x16  
  165  9:05  Corruptor  
  165  9:08  Queen  
  167  9:15  Zergling x18  
  168  9:20  Zergling x12  
  156  9:30  Drone x2  
  158  9:46  Overlord  
  158  9:48  Brood Lord x6  
  158  9:51  Hatchery  
  158  9:52  Brood Lord  
  171  9:55  Overseer  
  171  9:58  Zerg Flyer Weapons Level 1  
  171  10:02  Mutalisk  
  171  10:06  Zergling x2  
  171  10:07  Zergling x24  
  183  10:17  Zerg Melee Weapons Level 2  
  183  10:21  Baneling x7, Hatchery  
  181  10:26  Drone x5  
  185  10:29  Pathogen Glands  
  185  10:34  Zergling x14  
  185  10:35  Zergling x16  
  195  10:57  Corruptor x2  
  197  11:04  Zerg Ground Armor Level 1  
  197  11:18  Drone x3  
  197  11:24  Extractor  
  197  11:25  Extractor, Spore Crawler x2  
  195  11:27  Spore Crawler  
  194  11:43  Baneling x8  
  194  11:51  Zergling x2  
  194  11:52  Zergling x10  
  198  11:59  Zergling x2  
  198  12:00  Zergling x42  
  183  12:12  Brood Lord x2  
  187  12:15  Spine Crawler  
  187  12:16  Spine Crawler  
  187  12:17  Burrow  
  187  12:18  Spine Crawler  
  187  12:21  Drone x2  
  186  12:23  Spore Crawler, Drone x3  
  186  12:26  Spore Crawler  
  186  12:27  Spore Crawler  
  186  12:28  Spore Crawler, Infestor x7  
  199  12:32  Neural Parasite  
  199  12:33  Zerg Flyer Armor Level 1  
  199  12:36  Spore Crawler  
  193  12:37  Infestor x2  
  193  12:40  Infestor  
  193  12:43  Infestor  
  189  12:47  Zergling x16  
  189  12:48  Zergling x10  
  197  12:56  Infestor x2  
  196  13:04  Zergling x6  
  199  13:07  Zerg Missile Weapons Level 3  
  199  13:08  Zerg Ground Armor Level 2  
  199  13:13  Hatchery  
  198  13:21  Zergling x2  
  195  13:38  Corruptor  
  195  13:39  Corruptor  
  197  13:52  Overseer x3  
  197  13:53  Corruptor x2  
  193  14:13  Infestor x3  
  198  14:26  Spore Crawler  
  198  14:27  Spore Crawler x2  
  198  14:28  Spore Crawler  
  198  14:29  Spore Crawler  
  198  14:30  Zerg Flyer Weapons Level 2, Brood Lord x3  
  199  14:37  Overseer x3  
  185  14:43  Corruptor x7  
  190  14:52  Corruptor  
  188  14:53  Corruptor x2  
  188  14:55  Zergling x12  
  188  14:58  Spine Crawler  
  188  14:59  Spine Crawler  
  196  15:01  Spore Crawler, Corruptor x2  
  199  15:08  Spine Crawler, Corruptor  
  199  15:09  Spine Crawler  
  199  15:20  Spine Crawler  
  198  15:26  Corruptor, Zerg Ground Armor Level 3  
  184  16:06  Corruptor  
  184  16:07  Corruptor x5  
  200  16:18  Brood Lord x3  
  196  16:21  Zergling x8  
  200  16:26  Baneling x11  
  200  16:32  Zergling x4  
  200  16:35  Overlord x3, Spire  
  200  16:37  Overlord  
  200  16:38  Overlord  
  194  16:44  Zergling x2  
  194  16:45  Baneling x5, Hatchery  
  194  16:46  Zergling x14  
  193  16:48  Infestor  
  193  16:52  Drone x10  
  193  16:53  Infestor  
  197  16:58  Zergling x6  
  197  16:59  Zergling x4  
  196  17:12  Ultralisk Cavern  
  196  17:15  Zergling x10  
  199  17:37  Hatchery  
  184  17:47  Corruptor x3  
  184  17:48  Greater Spire  
  190  17:57  Spine Crawler  
  185  18:31  Corruptor x7  
  182  18:42  Zergling x26  
  182  18:43  Baneling x2, Zergling x2  
  182  18:44  Baneling x8  
  174  19:06  Zergling x8  
Tags
 
Add a new tag
Caveats
  • Supply blocks, unpowered buildings, or Contaminate may cause inaccurate times.
  • Supply counts are checked every 10 seconds.